 Dungeon Sprint DCSS version 0.27.1-34-g3ba077fa99 (webtiles) character file.

Game seed: 14690277065716487381

982 boopmooplesden the Cleaver (level 7, -11/108 HPs)
             Began as a Minotaur Fighter on Jan 21, 2022.
             Mangled by a yaktaur captain (25 damage)
             ... in the Dungeon (Sprint II: "The Violet Keep of Menkaure").
             The game lasted 00:01:14 (804 turns).

boopmooplesden the Cleaver (Minotaur Fighter)        Turns: 804, Time: 00:01:15

Health: -11/108    AC:  8    Str: 23    XL:     7   Next: 96%
Magic:  6/6        EV: 10    Int:  5    God:
Gold:   972        SH: 12    Dex:  9    Spells: 6/6 levels left

rFire    . . .     SeeInvis .   a - +0 war axe
rCold    . . .     Faith    .   c - +0 kite shield
rNeg     . . .     Spirit   .   b - +0 scale mail
rPois    .         Reflect  .   (helmet restricted)
rElec    .         Harm     .   (no cloak)
rCorr    .         Rampage  .   (no gloves)
Will     .....     NoTele   +   (no boots)
Stlth    ..........             (no amulet)
HPRegen  0.28/turn              (no ring)
MPRegen  0.10/turn              (no ring)

@: berserking, very quick
A: horns 2, retaliatory headbutt
a: no special abilities


You were in the Dungeon.
You visited 1 branch You collected 972 gold pieces.

Inventory:

Hand Weapons
 a - a +0 war axe (weapon)
Armour
 b - a +0 scale mail (worn)
 c - a +0 kite shield (worn)
Scrolls
 j - a scroll of blinking
Potions
 d - a potion of might
 e - a potion of curing
 g - a potion of haste
 h - 2 potions of magic


   Skills:
 + Level 10.2 Fighting
 + Level 11.9 Axes
 + Level 10.6 Armour
 + Level 2.7 Dodging
 + Level 10.1 Shields


You had 6 spell levels left.
You didn't know any spells.
Your spell library was empty.

Dungeon Overview and Level Annotations

Branches:
Dungeon (1/1)

Altars:

Shops:
D *[!:[?(=!:=


Innate Abilities, Weirdness & Mutations

You have a pair of horns on your head.
You reflexively headbutt those who attack you in melee.


Message History

There is an open door here.
You start resting.
Menkaure is nearby!
You closely miss Menkaure. Your headbutt misses Menkaure. Menkaure hits you!!
You slice Menkaure!! Your headbutt misses Menkaure.
Menkaure is severely damaged.
You hit Menkaure.
Menkaure is almost destroyed.
Menkaure closely misses you. You furiously retaliate!
You headbutt Menkaure!
You destroy Menkaure!
Your Shields skill increases to level 10!
A yaktaur captain comes into view.
The yaktaur captain shouts!
The yaktaur captain wields a +0 arbalest.
The yaktaur captain shoots a bolt.
You block the bolt.
There is an open door here.
You feel much better.
You start resting.
Something unseen opens the door.
You start resting.
A yaktaur captain is nearby!
The yaktaur captain shoots a bolt.
The bolt hits you!!
* * * LOW HITPOINT WARNING * * *
There is an open door, spattered with blood here.
A red film seems to cover your vision as you go berserk!
You feel yourself moving faster!
You feel mighty!
You hit the yaktaur captain.
The yaktaur captain is moderately wounded.
The yaktaur captain unwields a +0 arbalest.
You block the yaktaur captain's attack.
You hit the yaktaur captain.
The yaktaur captain is heavily wounded.
The yaktaur captain hits you!
* * * LOW HITPOINT WARNING * * *
You hit the yaktaur captain. You headbutt the yaktaur captain!
The yaktaur captain is heavily wounded.
You barely miss the yaktaur captain. You headbutt the yaktaur captain!
The yaktaur captain is severely wounded.
The yaktaur captain hits you!!
You die...

########≈≈#+++
#######≈≈≈...
......#≈≈≈≈M##+##
.....∩#≈≈≈≈##.#.##
∩...∩.#≈≈≈ #.###.#
.∩.∩.∩#≈≈####.#.####
∩.∩.∩.#≈##.###÷## .##
.∩.∩..#≈#...##.###..#
..⌠...'c@.##'.<.'.#
......#≈#...##.###..#
▓▓▓▓###≈##.###'## .##
Z######≈≈#####..####
( ##≈ #.##..# +
##†#.## ##+##
#≈≈≈≈≈≈≈≈≈≈≈
#+++#+++#≈≈≈


You could see a yaktaur captain.

Vanquished Creatures
  2 wyverns (D)
  Menkaure (D)
  4 necrophages (D)
  4 scorpions (D)
  3 worms (D)
14 creatures vanquished.

Vanquished Creatures (others)
  A water moccasin (D)
1 creature vanquished.

Grand Total: 15 creatures vanquished

Notes
Turn   | Place    | Note
-------+----------+-------------------------------------------
     0 | D        | boopmooplesden the Minotaur Fighter began the quest for the
                  | Orb.
     0 | D        | Reached XP level 1. HP: 19/19 MP: 0/0
     1 | D        | Noticed a wyvern
     1 | D        | Noticed a wyvern
    22 | D        | Noticed an electric eel
    22 | D        | Noticed an electric eel
    22 | D        | Noticed an electric eel
    22 | D        | Noticed an electric eel
    23 | D        | Noticed an electric eel
    23 | D        | Noticed an electric eel
    30 | D        | Reached skill level 3 in Axes
    30 | D        | Reached XP level 2. HP: 9/28 MP: 1/1
    66 | D        | Killed a water moccasin
   238 | D        | Noticed a necrophage
   238 | D        | Noticed a necrophage
   238 | D        | Noticed a necrophage
   238 | D        | Noticed a necrophage
   246 | D        | Killed a necrophage
   247 | D        | Reached skill level 6 in Axes
   247 | D        | Reached XP level 3. HP: 15/38 MP: 2/2
   247 | D        | Reached XP level 4. HP: 18/45 MP: 3/3
   252 | D        | Killed a necrophage
   253 | D        | Reached skill level 7 in Axes
   253 | D        | Reached skill level 1 in Dodging
   253 | D        | Reached XP level 5. HP: 21/52 MP: 4/4
   255 | D        | Killed a necrophage
   256 | D        | Reached skill level 8 in Axes
   256 | D        | Reached XP level 6. HP: 26/61 MP: 5/5
   258 | D        | Reached skill level 9 in Axes
   447 | D        | Reached skill level 10 in Axes
   447 | D        | Reached XP level 7. HP: 58/70 MP: 6/6
   557 | D        | Killed a wyvern
   558 | D        | Reached skill level 11 in Axes
   558 | D        | Reached skill level 10 in Armour
   562 | D        | Killed a wyvern
   563 | D        | Reached skill level 10 in Fighting
   772 | D        | Found Fanai's Distillery.
   772 | D        | Found Dizaesch's Antique Armour Boutique.
   772 | D        | Found Busurr's Jewellery Shop.
   772 | D        | Found Lunagriu's Magic Scroll Boutique.
   772 | D        | Found Sooxakh's Jewellery Boutique.
   772 | D        | Found Mevaroti's Book Boutique.
   773 | D        | Found Dysteock's Antique Weapon Shop.
   773 | D        | Found Zaejo's Book Boutique.
   773 | D        | Found Meoloj's Distillery.
   774 | D        | Found Fiosage's Antique Armour Shop.
   774 | D        | Found Kabid's Assorted Antiques.
   774 | D        | Noticed Menkaure
   789 | D        | Killed Menkaure
   790 | D        | Reached skill level 10 in Shields
   790 | D        | Noticed a yaktaur captain
   804 | D        | Mangled by a yaktaur captain

Illustrated notes

Levels and vault maps discovered:
D:        the_violet_keep_of_menkaure [sprint2_stairs_cluster_1,
          sprint2_shoproom, sprint2_temple, sprint2_basic_supplies,
          sprint2_obstacle_7, sprint2_obstacle_1, sprint2_obstacle_4,
          sprint2_obstacle_3, sprint2_obstacle_5, sprint2_timed_cluster_1,
          sprint2_smallroom_cluster_1, sprint2_smallroom_final_cluster_1,
          sprint2_transparent_cluster_1, sprint2_second_timed_cluster_1,
          sprint2_sniper_area_1, sprint2_heavy_combat_area_1,
          sprint2_mutation_trap_area_1, sprint2_forest_area_1,
          sprint2_light_combat_area_1, sprint2_behind_water_1,
          sprint2_near_end_vault_1]

Skill      XL: |  1  2  3  4  5  6  7 |
---------------+----------------------+-----
Fighting       | 4 6 7 8 9 10 | 10.2
Armour         | 4 6 7 8 9 10 | 10.6
Shields        | 4 6 7 9 10 | 10.1
Axes           | 3 6 7 8 10 11 | 11.9
Dodging        | 1 2 |  2.7

Action                   |  1- 3 |  4- 6 |  7- 9 || total
-------------------------+-------+-------+-------++-------
Melee: War axe           |    22 |    19 |    20 ||    61
       Headbutt          |     9 |     5 |     2 ||    16
  Use: Potion            |       |       |     2 ||     2
Armor: Scale mail        |     1 |     1 |     3 ||     5
Dodge: Dodged            |     4 |     7 |     5 ||    16
Block: Kite shield       |     8 |    10 |     8 ||    26
